 Dungeon Crawl Stone Soup version 0.31-a0-1589-g8f5e8aebd6 (webtiles) character file.

Game seed: 9452926886992675048

147 wildpjah the Sneak (level 5, -4/28 HPs)
             Began as a Deep Elf Enchanter on Jan 6, 2024.
             Killed from afar by an orc wizard (7 damage)
             ... with a magic dart
             ... on level 3 of the Dungeon.
             The game lasted 00:10:39 (2656 turns).

wildpjah the Sneak (Deep Elf Enchanter)             Turns: 2656, Time: 00:10:40

Health: -4/28      AC:  2    Str:  5    XL:     5   Next: 7%
Magic:  2/12       EV: 18    Int: 20    God:
Gold:   228        SH:  0    Dex: 17    Spells: 3/11 levels left

rFire   . . .        a - +1 dagger
rCold   . . .        (no shield)
rNeg    . . .        b - +0 robe
rPois   .            (no helmet)
rElec   .            (no cloak)
rCorr   .            (no gloves)
SInv    .            (no boots)
Will    +....        (no amulet)
Stlth   +++          d - ring of willpower
HPRegen 0.24/turn    e - +5 ring of evasion
MPRegen 0.13/turn

%: no passive effects
@: very slightly contaminated, invisible
A: no striking features
a: no special abilities


You were on level 3 of the Dungeon.
You visited 1 branch of the dungeon, and saw 3 of its levels.

You collected 228 gold pieces.

Inventory:

Hand Weapons
 a - a +1 dagger (weapon)
 c - a +0 short sword
 k - a +0 falchion
Armour
 b - a +0 robe (worn)
Jewellery
 d - a ring of willpower (left hand)
 e - a +5 ring of evasion (right hand)
 h - a ring of protection from cold
 p - a ring of fire
Scrolls
 g - a scroll of vulnerability {unknown}
 i - a scroll of silence {unknown}
 l - a scroll of identify {unknown}
 q - a scroll of enchant weapon {unknown}
 r - a scroll of enchant armour {unknown}
 t - a scroll of blinking {unknown}
 u - a scroll of revelation {unknown}
 v - a scroll of acquirement {unknown}
Potions
 f - 2 potions of attraction
 j - 3 potions of ambrosia {unknown}
 n - 2 potions of curing
 o - a potion of resistance {unknown}
 s - a potion of enlightenment {unknown}


   Skills:
 + Level 0.3 Fighting
 + Level 1.7 Short Blades
 + Level 2.9 Dodging
 + Level 5.4 Stealth
 + Level 3.5 Spellcasting
 + Level 4.4 Hexes
 * Level 2.3 Ice Magic


You had 3 spell levels left.
You knew the following spells:

 Your Spells              Type           Power      Damage    Failure   Level
a - Ensorcelled Hibernat  Hex/Ice        34%        N/A       4%          2
b - Confusing Touch       Hex            21%        N/A       7%          3
c - Tukima's Dance        Hex            21%        N/A       7%          3

Your spell library contained the following spells:

 Spells                   Type           Power      Damage    Failure   Level
 Dazzling Flash           Conj/Hex       24%        N/A       16%         3


Dungeon Overview and Level Annotations

Branches:
Dungeon (3/15)

Altars:

Shops:
D:3 [

Annotations:
D:3 1 runed translucent door, pigah's ghost, weakling OpSh


Message History

Reactivating autopickup.
The orc wizard closely misses you.
Casting: Confusing Touch (quite dangerous; 7% risk of failure)
Confirm with . or Enter, or press ? or * to list all spells.
You miscast Confusing Touch.
You are very lightly contaminated with residual magic.
Nothing appears to happen.
The orc wizard hits you with a +0 dagger.
You hit the orc wizard but do no damage.
The orc wizard is lightly wounded.
The orc wizard barely misses you.
You hit the orc wizard.
The orc wizard is moderately wounded.
The orc wizard hits you with a +0 dagger.
* * * LOW HITPOINT WARNING * * *
A goblin comes into view. It is wielding a +0 club.
k - a +0 falchion (weapon)
The orc wizard hits you with a +0 dagger.
* * * LOW HITPOINT WARNING * * *
You fade into invisibility!
The orc wizard gestures wildly while chanting.
The orc wizard flickers and vanishes!
Deactivating autopickup; reactivate with Ctrl-A.
a - a +1 dagger (weapon)
The goblin shouts!
You hit something. You hit the orc.
The orc is lightly wounded.
The orc misses you.
You hit the orc but do no damage.
The orc is lightly wounded.
You hit something. You closely miss something. Something hits you.
* * * LOW HITPOINT WARNING * * *
You miss something. You closely miss something.
You hear some strange, mumbled words.
A magic dart appears from out of thin air!
The magic dart hits you!
You die... . # .## #.##### ..# #...... #.# ######. gJ.

#. #o# ### #{# #######
#.. #@# #.....####..
##.## #.....##....
##...## #...........
#.....###.....##....
#.8..#..##.....##....
#.....###.#########....
#..8.. #.# #.... #[....
#.####### ##... ##.8..
#.......# #...


You could see an orc (unable to see you), an endoplasm and a goblin (unable to
see you).

Vanquished Creatures
  An orc priest (D:3)
  Robin (D:2)
  An adder (D:3)
  2 dart slugs
  2 ribbon worms (D:2)
  7 orcs
  6 ball pythons
  3 endoplasms
  3 giant cockroaches
  12 goblins
  11 hobgoblins
  3 jackals (D:1)
  4 kobolds
  4 quokkas
  2 bats
  7 frilled lizards
  4 rats
73 creatures vanquished.

Notes
Turn   | Place    | Note
-------+----------+-------------------------------------------
     0 | D:1      | wildpjah the Deep Elf Enchanter began the quest for the
                  | Orb.
     0 | D:1      | Reached XP level 1. HP: 10/10 MP: 6/6
    89 | D:1      | Reached skill level 4 in Stealth
    93 | D:1      | Reached XP level 2. HP: 10/15 MP: 8/8
   114 | D:1      | Learned a level 2 spell: Ensorcelled Hibernation
   252 | D:1      | Reached skill level 1 in Ice Magic
   385 | D:1      | Found a faded altar of an unknown god.
   591 | D:1      | Reached XP level 3. HP: 19/19 MP: 9/9
  1123 | D:2      | Identified the +5 spear of Dung {flame, Fly}
  1146 | D:2      | Noticed Robin
  1468 | D:2      | Killed Robin
  1469 | D:2      | Reached XP level 4. HP: 14/24 MP: 5/10
  1836 | D:2      | Learned a level 3 spell: Confusing Touch
  1840 | D:2      | Learned a level 3 spell: Tukima's Dance
  1850 | D:3      | Found Eviminax's Antique Armour Emporium.
  1894 | D:2      | Reached skill level 5 in Stealth
  2267 | D:3      | Found a runed translucent door.
  2267 | D:3      | Noticed pigah's ghost (weakling OpSh)
  2630 | D:3      | Reached XP level 5. HP: 20/28 MP: 4/12
  2656 | D:3      | Killed from afar by an orc wizard

Illustrated notes

Levels and vault maps discovered:
D:1:      minmay_arrival_shattered_statue, layout_basic,
          hellmonk_ecumenical_altar_prayer_group
D:2:      layout_rooms, minmay_misc_feat_enclosed, uniq_robin
D:3:      layout_loops_cross, zin_statuary, serial_forest,
          infiniplex_forest_straight_4, infiniplex_forest_lined_3,
          infiniplex_forest_straight_2, infiniplex_forest_lined_2,
          infiniplex_forest_straight_3, hellmonk_ghost_happy_afterlife,
          serial_shops, nicolae_shop_gibbet_a_chance

Skill      XL: |  1  2  3  4 |
---------------+-------------+-----
Stealth        | 4 5 |  5.4
Ice Magic      | 1 2 |  2.3
Fighting       | |  0.3
Short Blades   | |  1.7
Dodging        | |  2.9
Spellcasting   | |  3.5
Hexes          | |  4.4

Action                     |  1- 3 |  4- 6 || total
---------------------------+-------+-------++-------
  Melee: Dagger            |    40 |    62 ||   102
         Punch             |     1 |       ||     1
         Short sword       |    88 |     1 ||    89
   Cast: Ensorcelled Hiber |    34 |    22 ||    56
         Confusing Touch   |       |     2 ||     2
    Use: Potion            |     4 |     1 ||     5
         Scroll            |     1 |       ||     1
   Stab: Invisible         |     3 |       ||     3
         Sleeping          |    28 |    20 ||    48
         Confused          |       |     2 ||     2
 Armour: Robe              |    40 |    18 ||    58
  Dodge: Dodged            |    92 |    35 ||   127

Table legend: (Time is in decaauts)
 A = Elapsed time spent in this place.
 B = Non-inter-level travel time spent in this place.
 C = Inter-level travel time spent in this place.
 D = Time resting spent in this place.
 E = Time spent auto-exploring this place.
 F = Levels seen in this place.
 G = Mean time per level.
                   A        B        C        D        E       F      G
               +--------+--------+--------+--------+--------+-----+--------+
         Total |   2639 |   2623 |     16 |    275 |   1678 |   3 |  879.7 |
       Dungeon |   2639 |   2623 |     16 |    275 |   1678 |   3 |  879.7 |
               +--------+--------+--------+--------+--------+-----+--------+

Top non-repeatable levels by time:
     D:1: 1007 daAuts
     D:2: 926 daAuts
     D:3: 705 daAuts
